 Dungeon Crawl Stone Soup version 0.22-a0-353-g2d6336e (webtiles) character file.

996 aspa the Cleaver (level 7, -3/60 HPs)
             Began as a Minotaur Gladiator on Apr 15, 2018.
             Was an Initiate of Okawaru.
             Slain by an ogre
             ... wielding a +0 giant club
              (17 damage)
             ... on level 6 of the Dungeon.
             The game lasted 00:11:51 (4265 turns).

aspa the Cleaver (Minotaur Gladiator)               Turns: 4265, Time: 00:11:52

Health: -3/60      AC:  5    Str: 23    XL:     7   Next: 99%
Magic:  6/6        EV: 13    Int:  5    God:    Okawaru [......]
Gold:   279        SH:  0    Dex: 12    Spells: 6/6 levels left

rFire    + . .     SeeInvis .   a - +0 war axe
rCold    + . .     Gourm    .   (no shield)
rNeg     . . .     Faith    .   D - +1 leather armour of Lucidity {rC+ Str+3 Stlth+}
rPois    .         Spirit   .   c - +0 hat
rElec    .         Reflect  .   y - +0 cloak
rCorr    .         Harm     .   (no gloves)
MR       .....                  (no boots)
Stlth    +++.......             (no amulet)
HPRegen  0.20/turn              u - ring of protection from fire
MPRegen  0.10/turn              (no ring)

@: no status effects
A: retaliatory headbutt, horns 2
a: Renounce Religion


You were on level 6 of the Dungeon.
You worshipped Okawaru.
Okawaru was noncommittal.
You were not hungry.

You visited 2 branches of the dungeon, and saw 7 of its levels.

You collected 279 gold pieces.

Inventory:

Hand Weapons
 a - a +0 war axe (weapon)
Missiles
 d - 3 throwing nets (quivered)
Armour
 c - a +0 hat (worn)
 y - a +0 cloak (worn)
 D - the +1 leather armour of Lucidity (worn) {rC+ Str+3 Stlth+}
   (You found it on level 4 of the Dungeon)

   It affects your strength (+3).
   It protects you from cold.
   It makes you more stealthy.
Jewellery
 u - a ring of protection from fire (left hand)
Scrolls
 j - 8 scrolls of remove curse
 n - a scroll of teleportation
 q - a scroll of amnesia
 r - 2 scrolls of identify
 x - a scroll of noise
Potions
 e - a potion of lignification
 g - 2 potions of curing {unknown}
 h - a potion of might {unknown}
 m - a potion of flight {unknown}
 o - a potion of agility {unknown}
 s - a potion of invisibility {unknown}
 v - 2 potions of haste {unknown}
 F - 2 potions of heal wounds {unknown}
 G - a potion of resistance {unknown}
Comestibles
 b - a chunk of flesh
 f - 9 rations


   Skills:
 + Level 4.4 Fighting
 + Level 8.3 Axes
 + Level 2.4 Throwing
 + Level 5.1 Armour
 + Level 4.4 Dodging
 + Level 1.9 Stealth


You had 6 spell levels left.
You didn't know any spells.

Dungeon Overview and Level Annotations

Branches:
Dungeon (6/15)             Temple (1/1) D:5

Altars:
Ashenzari
Cheibriados
Dithmenos
Elyvilon
Hepliaklqana
Kikubaaqudgha
Makhleb
Nemelex Xobeh
Okawaru
Qazlal
Ru
Sif Muna
Trog
Uskayaw
Vehumet
Xom
Yredelemnul
Zin

Annotations:
D:3 2 transporters


Innate Abilities, Weirdness & Mutations

You reflexively headbutt those who attack you in melee.
You have a pair of horns on your head.


Message History

You start resting.
You hear the slow hiss of a distant avalanche of sand.
An ogre comes into view. It is wielding a giant club.
The ogre shouts!
Found a sparkling altar of Nemelex Xobeh.
You open the door.
An ooze comes into view.
The ooze quivers.
There is an open door here.
You slash the ooze!
You kill the ooze!
Okawaru accepts your kill.
You hit the ogre.
The ogre is lightly wounded.
The ogre hits you with a giant club!
* * * LOW HITPOINT WARNING * * *
You slash the ogre!
The ogre is heavily wounded.
The ogre hits you with a giant club!
You die...

### #.## ...
####.####
##..#'#..## #
#._@Oo'...#..
#.##.##.##.##..
#..###.#.###...
#.....o#.....#
###..##.###.....
#
...............#
#.
#..........#.#.#
#.
#.##.####.##.#.#
.####.##.##.#
#.# .#.##..


You could see an ogre and an orc.

Vanquished Creatures
  Edmund (D:5)
  A sky beast (D:5)
  A black bear (D:6)
  A phantom (D:5)
  An ogre (D:5)
  A centaur (D:5)
  A howler monkey (D:6)
  A bullfrog zombie (D:2)
  A hound (D:4)
  A bullfrog skeleton (D:6)
  2 worker ants
  A howler monkey zombie (D:5)
  4 gnolls (D:2)
  11 adders
  An ooze (D:6)
  An adder zombie (D:3)
  7 worms
  A dart slug (D:3)
  7 leopard geckos
  5 orcs
  6 bats
  9 giant cockroaches
  7 hobgoblins
  2 jackals (D:2)
  8 kobolds
  A quokka (D:5)
  5 frilled lizards
  8 goblins
  A jackal skeleton (D:4)
  6 rats
103 creatures vanquished.

Notes
Turn   | Place    | Note
-------+----------+-------------------------------------------
     0 | D:1      | aspa the Minotaur Gladiator began the quest for the Orb.
     0 | D:1      | Reached XP level 1. HP: 18/18 MP: 0/0
    89 | D:1      | Reached skill level 4 in Axes
   172 | D:1      | Reached XP level 2. HP: 25/25 MP: 1/1
   864 | D:2      | Noticed a hand axe
   864 | D:2      | Noticed a hand axe
   865 | D:2      | Found a hide-covered altar of Uskayaw.
   878 | D:2      | Reached XP level 3. HP: 20/30 MP: 2/2
  1024 | D:2      | Reached skill level 1 in Armour
  1024 | D:2      | Reached XP level 4. HP: 29/37 MP: 3/3
  1035 | D:2      | Reached skill level 5 in Axes
  1195 | D:2      | Found a faded altar of an unknown god.
  1308 | D:2      | Found a sacrificial altar of Ru.
  1349 | D:2      | Reached XP level 5. HP: 31/44 MP: 4/4
  1825 | D:3      | Found a transporter.
  2145 | D:3      | Found a transporter.
  2297 | D:3      | Reached skill level 6 in Axes
  2622 | D:4      | Reached XP level 6. HP: 49/51 MP: 5/5
  2655 | D:5      | Entered Level 5 of the Dungeon
  2655 | D:5      | Noticed Edmund
  2660 | D:5      | Killed Edmund
  2772 | D:4      | Found a bloodstained altar of Trog.
  2844 | D:4      | Got a transparent leather armour
  2855 | D:4      | Identified the +1 leather armour of Lucidity {rC+ Str+3 Stlth+} (You found it on level 4 of the Dungeon)
  3536 | D:5      | Found a shadowy altar of Dithmenos.
  3647 | D:5      | Reached skill level 7 in Axes
  3647 | D:5      | Reached XP level 7. HP: 40/58 MP: 6/6
  3739 | D:5      | Found a staircase to the Ecumenical Temple.
  3750 | D:5      | Reached skill level 1 in Stealth
  3763 | Temple   | Entered the Ecumenical Temple
  3844 | Temple   | Became a worshipper of Warmaster Okawaru
  4061 | D:5      | Found a basalt altar of Yredelemnul.
  4165 | D:6      | Reached skill level 5 in Armour
  4168 | D:6      | Reached skill level 8 in Axes
  4258 | D:6      | Found a sparkling altar of Nemelex Xobeh.
  4265 | D:6      | Slain by an ogre

Vault maps used:
D:1:      tarquinn_simple_flora_water_b, minmay_tromino_i4
D:2:      nicolae_ru_the_path_less_chosen, dancing_weapons_uskayaw,
          chequers_ecumenical_altar_twisty, minmay_misc_feat_plants
D:3:      gammafunk_steamed_eel
D:4:      trog_hazing_becter
D:5:      kennysheep_little_box, minmay_temple_entry_grid, first_ration,
          nicolae_dithmenos_through_a_glass_darkly, uniq_edmund
D:6:      grunt_gozag_statues, kennysheep_mini, serial_glass, glass_columns_a,
          glass_columns_b, enter_ossuary_2,
          hangedman_abyss_or_decor_lesser_grid, nemelex_dance_club_becter,
          uniq_prince_ribbit1
Temple:   eino_temple_lava

Skill      XL: |  1  2  3  4  5  6  7 |
---------------+----------------------+-----
Axes           | 4 5 6 7 8 |  8.3
Armour         | 1 2 3 4 5 |  5.1
Dodging        | 4 |  4.4
Fighting       | 3 4 |  4.4
Stealth        | 1 |  1.9
Throwing       | |  2.4

Action                   |  1- 3 |  4- 6 |  7- 9 || total
-------------------------+-------+-------+-------++-------
Melee: War axe           |    63 |   128 |    36 ||   227
       Headbutt          |    11 |    27 |     9 ||    47
  Use: Scroll            |       |       |     8 ||     8
 Stab: Sleeping          |     1 |     2 |     2 ||     5
  Eat: Chunk             |       |     8 |     3 ||    11
Armor: Leather armour    |     9 |     3 |    13 ||    25
       Ring mail         |    13 |    28 |       ||    41
Dodge: Dodged            |    47 |    85 |    30 ||   162

Table legend:
 A = Spawn XP
 B = Non-spawn XP
 C = Spawn XP percentage of total XP
 D = Spawn monster count
 E = Non-spawn monster count
 F = Spawn count percentage of total count
 G = Total turns spent on level
                    A         B        C        D         E        F      G
               +---------+---------+-------+---------+---------+-------+---------
         Total |       0 |    1423 |   0.0 |       0 |     103 |   0.0 |  4265
               +---------+---------+-------+---------+---------+-------+---------
           D:1 |       0 |      29 |   0.0 |       0 |      19 |   0.0 |   765
           D:2 |       0 |     235 |   0.0 |       0 |      31 |   0.0 |  1179
           D:3 |       0 |      66 |   0.0 |       0 |      18 |   0.0 |   648
           D:4 |       0 |     131 |   0.0 |       0 |      16 |   0.0 |   794
           D:5 |       0 |     679 |   0.0 |       0 |      10 |   0.0 |   614
           D:6 |       0 |     283 |   0.0 |       0 |       9 |   0.0 |   116
               +---------+---------+-------+---------+---------+-------+---------
